 Dungeon Crawl Stone Soup version 0.27.1-16-g815e20cd7a (webtiles) character file.

Game seed: 8498597520214332464

154 Gabide the Insei (level 5, -1/41 HPs)
             Began as a Human Monk on Nov 22, 2021.
             Slain by a lemure (8 damage)
             ... led by Pikel
             ... on level 4 of the Dungeon.
             The game lasted 00:04:51 (3237 turns).

Gabide the Insei (Human Monk)                       Turns: 3237, Time: 00:04:51

Health: -1/41      AC:  6    Str: 12    XL:     5   Next: 62%
Magic:  5/5        EV: 13    Int: 10    God:
Gold:   169        SH:  0    Dex: 16    Spells: 4/4 levels left

rFire    . . .     SeeInvis .     - Unarmed
rCold    . . .     Faith    .   (no shield)
rNeg     . . .     Spirit   .   a - +0 robe
rPois    .         Reflect  .   g - +0 helmet
rElec    .         Harm     .   d - +2 cloak
rCorr    .         Rampage  .   (no gloves)
Will     .....                  (no boots)
Stlth    ++........             b - amulet of magic regeneration
HPRegen  0.13/turn              (no ring)
MPRegen  0.34/turn              (no ring)

@: no status effects
A: no striking features
a: no special abilities


You were on level 4 of the Dungeon.
You visited 1 branch of the dungeon, and saw 4 of its levels.

You collected 169 gold pieces.

Inventory:

Hand Weapons
 h - a +2 dagger of venom
Armour
 a - a +0 robe (worn)
 d - a +2 cloak (worn)
 g - a +0 helmet (worn)
Jewellery
 b - an amulet of magic regeneration (around neck)
Scrolls
 c - 2 scrolls of vulnerability
Potions
 e - a potion of attraction
 f - a potion of invisibility {unknown}


   Skills:
 + Level 3.3 Fighting
 + Level 3.6 Dodging
 + Level 3.0 Stealth
 * Level 4.8 Unarmed Combat


You had 4 spell levels left.
You didn't know any spells.
Your spell library contained the following spells:

 Spells                   Type           Power      Damage    Failure   Level
 Apportation              Tloc           0%         N/A       36%         1
 Conjure Flame            Conj/Fire      0%         6-21      75%         3
 Ignite Poison            Fire/Tmut/Pois 0%         N/A       75%         3
 Sticky Flame             Conj/Fire      0%         2d3       98%         4


Dungeon Overview and Level Annotations

Branches:
Dungeon (4/15)
 Temple: D:4-7

Altars:
Trog

Annotations:
D:4 Pikel


Message History

Pikel hits you with a +0 whip of freezing.
Pikel freezes you.
The lemure shouts!
The goblin shouts!
You punch Pikel! You punch Pikel.
Pikel is moderately wounded.
The lemure closely misses you.
You closely miss Pikel.
Pikel is moderately wounded.
Pikel hits you but does no damage.
You hit Pikel but do no damage.
Pikel is moderately wounded.
The lemure barely misses you. Pikel barely misses you.
You barely miss Pikel.
Pikel is moderately wounded.
The lemure hits you but does no damage. Pikel hits you but does no damage.
You barely miss Pikel.
Pikel is moderately wounded.
The lemure closely misses you. Pikel closely misses you.
You hit Pikel.
Pikel is moderately wounded.
The lemure barely misses you. The lemure misses you. Pikel barely misses you.
Press: ? - help, v - describe, . - travel
Here: a lemure The floor.
Unknown command.
Unknown command.
You closely miss Pikel.
Pikel is moderately wounded.
The lemure hits you! Pikel barely misses you.
You barely miss Pikel.
Pikel is moderately wounded.
The lemure completely misses you. The lemure hits you.
Pikel hits you with a +0 whip of freezing.
Pikel freezes you. The lemure hits you.
You hit Pikel but do no damage.
Pikel is moderately wounded.
The lemure hits you.
* * * LOW HITPOINT WARNING * * *
The lemure hits you!
You die...

#.##.# #.# #.)#.#
#.# #####.#.# #.#
# #.......# #.#
##. #.###.### #.#
... .###.# #.# .
.. ....# #.#
#...#.##5.# #.#
.....5K@5.#####.#
#######5#.......#
#...####### #####


You could see Pikel and 4 lemures.

Vanquished Creatures
  Jessica (D:2)
  An orc wizard (D:2)
  4 adders
  A worm (D:3)
  A dart slug (D:2)
  3 orcs
  6 bats
  5 endoplasms
  A giant cockroach (D:2)
  9 goblins
  6 hobgoblins
  2 jackals (D:1)
  3 quokkas
  6 ball pythons
  A frilled lizard (D:1)
  5 kobolds
  2 rats (D:1)
57 creatures vanquished.

Vanquished Creatures (others)
  6 plants (D:4)
6 creatures vanquished.

Grand Total: 63 creatures vanquished

Notes
Turn   | Place    | Note
-------+----------+-------------------------------------------
     0 | D:1      | Gabide the Human Monk began the quest for the Orb.
     0 | D:1      | Reached XP level 1. HP: 18/18 MP: 1/1
    70 | D:1      | Found a faded altar of an unknown god.
    78 | D:1      | Got Plato's Guide on Dislocation
   314 | D:1      | Reached XP level 2. HP: 15/24 MP: 2/2
   982 | D:2      | Reached XP level 3. HP: 22/29 MP: 3/3
  1810 | D:2      | Noticed Jessica
  1814 | D:2      | Killed Jessica
  1815 | D:2      | Reached skill level 4 in Unarmed Combat
  1815 | D:2      | Reached XP level 4. HP: 35/35 MP: 4/4
  1888 | D:2      | Reached XP level 5. HP: 21/41 MP: 5/5
  2958 | D:3      | Found a bloodstained altar of Trog.
  3224 | D:4      | Noticed a lemure
  3225 | D:4      | Noticed Pikel
  3225 | D:4      | Noticed a lemure
  3226 | D:4      | Noticed a lemure
  3226 | D:4      | Noticed a lemure
  3237 | D:4      | Slain by a lemure

Illustrated notes

Levels and vault maps discovered:
D:1:      sevenhm_arrival_forest_fort_small_3, layout_basic,
          shapermc_ecumenical_altar_rom_forum
D:2:      minmay_chambers_of_ones, layout_basic, minmay_goblin_outpost,
          uniq_jessica
D:3:      layout_rooms, marbit_many_paths
D:4:      layout_loops_ring, mainiacjoe_overflow_chevrons, portal_sewer_entry_d,
          serial_glass, glass_columns_a, glass_columns_c, uniq_pikel

Skill      XL: |  1  2  3  4  5 |
---------------+----------------+-----
Unarmed Combat | 4 |  4.8
Stealth        | 3 |  3.0
Fighting       | |  3.3
Dodging        | |  3.6

Action                   |  1- 3 |  4- 6 || total
-------------------------+-------+-------++-------
Melee: Unarmed           |    99 |    93 ||   192
       Punch             |       |     2 ||     2
  Use: Scroll            |     3 |     4 ||     7
 Stab: Sleeping          |     3 |     4 ||     7
       Distracted        |       |     1 ||     1
Armor: Robe              |    17 |    19 ||    36
Dodge: Dodged            |    72 |    49 ||   121
